 Dungeon Crawl Stone Soup version 0.28.0-43-g3370ac3207 (webtiles) character file.

Game seed: 12823701225082011362

26 sking99 the Insei (level 3, -3/23 HPs)
             Began as an Octopode Transmuter on Mar 24, 2022.
             Slain by Sigmund
             ... wielding a +0 scythe
              (12 damage)
             ... on level 2 of the Dungeon.
             The game lasted 00:01:28 (1230 turns).

sking99 the Insei (Octopode Transmuter)             Turns: 1230, Time: 00:01:29

Health: -3/23      AC:  1    Str: 11    XL:     3   Next: 8%
Magic:  6/6        EV: 13    Int: 15    God:
Gold:   43         SH:  0    Dex: 12    Spells: 5/6 levels left

rFire   . . .      SeeInvis .     - Unarmed
rCold   . . .      Faith    .   (no shield)
rNeg    . . .      Spirit   .   (helmet restricted)
rPois   .          Reflect  .   (no amulet)
rElec   .          Harm     .   (no ring)
rCorr   .          Rampage  .   (no ring)
Will    .....                   (no ring)
Stlth   ++........              (no ring)
HPRegen 0.07/turn               (no ring)
MPRegen 0.10/turn               (no ring)
                                (no ring)
                                (no ring)

@: no status effects
A: almost no armour, amphibious, 8 rings, camouflage 1, gelatinous body 1,
(nimble swimmer 1), tentacles
a: no special abilities


You were on level 2 of the Dungeon.
You visited 1 branch of the dungeon, and saw 2 of its levels.

You collected 43 gold pieces.

Inventory:

Jewellery
 c - an amulet of the acrobat
Scrolls
 b - a scroll of immolation {unknown}
Potions
 a - 3 potions of heal wounds {unknown}
 d - a potion of degeneration {unknown}
 e - a potion of brilliance {unknown}


   Skills:
 + Level 1.5 Fighting
 - Level 2.1 Dodging
 * Level 3.4 Unarmed Combat
 - Level 2.1 Spellcasting
 + Level 2.3 Transmutations


You had 5 spell levels left.
You knew the following spells:

 Your Spells              Type           Power      Damage    Failure   Level
a - Beastly Appendage     Tmut           16%        N/A       9%          1

Your spell library contained the following spells:

 Spells                   Type           Power      Damage    Failure   Level
 Wereblood                Tmut           8%         N/A       13%         2
 Spider Form              Tmut/Pois      5%         N/A       38%         3
 Ice Form                 Ice/Tmut       5%         N/A       80%         4


Dungeon Overview and Level Annotations

Branches:
Dungeon (2/15)

Altars:

Annotations:
D:2 Sigmund


Innate Abilities, Weirdness & Mutations

You cannot wear most types of armour.
You are amphibious.
You can wear up to eight rings at the same time.
Your skin changes colour to match your surroundings (Stealth+).
Your rubbery body absorbs attacks. (AC +1, EV +1)
((You are camouflaged when in or above water. (Stealth+)))
You have tentacles for arms and can constrict up to eight enemies at once.


Message History

The puff of flame hits you!
You tentacle-slap Sigmund. Your grab misses Sigmund. You squeeze Sigmund.
Sigmund is heavily wounded.
Sigmund points at you and mumbles some strange words.
You resist with significant effort.
You closely miss Sigmund. Your grab misses Sigmund.
Sigmund is heavily wounded.
Sigmund casts a spell at you.
You are confused.
You closely miss Sigmund.
Sigmund is heavily wounded.
Sigmund completely misses you.
Unknown command.
You tentacle-slap Sigmund but do no damage.
Sigmund is heavily wounded.
You miss Sigmund. Your squeeze misses Sigmund.
Sigmund is heavily wounded.
Sigmund barely misses you.
You bump into the rock wall.
You bump into the rock wall.
Sigmund closely misses you.
Sigmund hits you from afar with a +0 scythe.
You feel less confused.
You tentacle-slap Sigmund. Your grab misses Sigmund.
Sigmund is heavily wounded.
Sigmund barely misses you.
You tentacle-slap Sigmund. Your grab misses Sigmund.
Sigmund is heavily wounded.
Sigmund barely misses you.
You barely miss Sigmund. Your grab misses Sigmund.
You squeeze Sigmund, but do no damage.
Sigmund is heavily wounded.
You tentacle-slap Sigmund. You grab Sigmund.
Sigmund is severely wounded.
You constrict Sigmund.
Sigmund gestures wildly while chanting.
Sigmund flickers and vanishes!
Deactivating autopickup; reactivate with Ctrl-A.
You tentacle-slap something. You constrict something. Something hits you!
Ouch! That really hurt!
You die...

# #.....#.#####.# #
#.....#'### #.# #
##........###.#
####.........##.#
.............##.#
.###.........##.#
................# #
.###.####.##.##.##.#
.# #.. .........@{.#
.# #.######..##.##.#
.# #.# #..##.# # .#
#.# #..##.# #..##.#
#.. #.# #.# #.


There were no monsters in sight!

Vanquished Creatures
  2 adders (D:2)
  2 hobgoblins (D:2)
  A kobold (D:2)
  A quokka (D:2)
  A ball python (D:2)
  A frilled lizard (D:2)
  A goblin (D:2)
9 creatures vanquished.

Notes
Turn   | Place    | Note
-------+----------+-------------------------------------------
     0 | D:1      | sking99 the Octopode Transmuter began the quest for the
                  | Orb.
     0 | D:1      | Reached XP level 1. HP: 13/13 MP: 3/3
    62 | D:1      | You fall into a shaft and drop 1 floor!
    74 | D:2      | Noticed Sigmund
    86 | D:2      | Reached XP level 2. HP: 3/18 MP: 5/5
   735 | D:2      | Reached XP level 3. HP: 5/23 MP: 6/6
  1230 | D:2      | Slain by Sigmund

Illustrated notes

Levels and vault maps discovered:
D:1:      dpeg_arrival_three_bigger_balls, layout_loops_ring
D:2:      layout_basic, uniq_sigmund

Action                   || total
-------------------------++-------
Melee: Unarmed           ||    37
       Constrict         ||     7
       Tentacles         ||     6
 Stab: Sleeping          ||     3
Armor: Skin              ||     1
Dodge: Dodged            ||    18
